 Dungeon Crawl Stone Soup version 0.30-a0-800-g7c544603b3 (webtiles) character file.

Game seed: 838371693177063575

243043 sasquatch the Severer (level 19, -2/172 HPs)
             Began as a Hill Orc Monk on Feb 23, 2023.
             Was the Champion of the Shining One.
             Killed from afar by a fire dragon (39 damage)
             ... with a blast of flame
             ... on level 1 of the Depths.
             The game lasted 01:25:58 (38056 turns).

sasquatch the Severer (Hill Orc Monk)              Turns: 38056, Time: 01:25:58

Health: -2/172     AC: 38    Str: 20    XL:     19   Next: 40%
Magic:  22/29      EV:  9    Int: 13    God:    the Shining One [******]
Gold:   1695       SH: 29    Dex: 19    Spells: 18/18 levels left

rFire   . . .      SeeInvis .    q - +4 broad axe of Purua {freeze, rF+ Will+}
rCold   + . .      Faith    .    I - +2 kite shield
rNeg    + + +      Spirit   .    T - +1 crystal plate armour {rC+}
rPois   .          Reflect  .    B - +0 helmet
rElec   +          Harm     .    x - +2 cloak {Will+}
rCorr   +          Rampage  .    y - +1 pair of gloves
Will    ++++.                    s - +0 pair of boots Stlth
                                 d - amulet of regeneration
HPRegen 1.28/turn                n - ring "Baju" {rElec rF- Str-2 Int+3 Dex+6}
MPRegen 0.21/turn                k - ring "Acyrch" {Will+ rCorr}

@: divinely shielded, about to teleport, glowing, studying Ice Magic
A: no striking features
}: 2/15 runes: serpentine, barnacled
a: Renounce Religion, Divine Shield, Cleansing Flame, Summon Divine Warrior,
Brand Weapon With Holy Wrath


You were on level 1 of the Depths.
You worshipped the Shining One.
The Shining One was exalted by your worship.
You visited 7 branches of the dungeon, and saw 32 of its levels.
You also visited: Ice Cave.

You collected 4627 gold pieces.
You spent 2932 gold pieces at shops.

Inventory:

Hand Weapons
 q - the +4 broad axe of Purua (weapon) {freeze, rF+ Will+}
   (You bought it in a shop on level 3 of the Snake Pit)

   rF:        It protects you from fire.
   Will:      It increases your willpower.
 z - a +7 broad axe of freezing
Missiles
 m - 153 poisoned darts
 D - 56 boomerangs
 M - 9 throwing nets (quivered)
Armour
 o - a +1 cloak of preservation
 p - a +0 plate armour
 s - a +0 pair of boots (worn)
 x - a +2 cloak of willpower (worn)
 y - a +1 pair of gloves (worn)
 B - a +0 helmet (worn)
 I - a +2 kite shield (worn)
 T - a +1 crystal plate armour of cold resistance (worn)
 V - a +0 kite shield of poison resistance
Jewellery
 d - an amulet of regeneration (around neck)
 k - the ring "Acyrch" (right hand) {Will+ rCorr}
   (You bought it in a shop on level 3 of the Snake Pit)

   [ring of willpower]

   rCorr:     It protects you from acid and corrosion.
   Will:      It increases your willpower.
 n - the ring "Baju" (left hand) {rElec rF- Str-2 Int+3 Dex+6}
   (You bought it in a shop on level 2 of the Orcish Mines)

   [ring of dexterity]

   Str:       It affects your strength (-2).
   Int:       It affects your intelligence (+3).
   Dex:       It affects your dexterity (+6).
   rF:        It makes you vulnerable to fire.
   rElec:     It insulates you from electricity.
 J - a ring of flight
 O - a ring of protection from cold
 R - a ring of poison resistance
 X - a ring of protection from fire
Wands
 b - a wand of roots (19)
 C - a wand of flame (12)
 L - a wand of polymorph (11)
 N - a wand of light (5)
 P - a wand of paralysis (13)
Scrolls
 a - a scroll of summoning
 g - 2 scrolls of magic mapping
 h - 5 scrolls of teleportation
 r - 10 scrolls of poison
 t - a scroll of fear
 v - 6 scrolls of fog
 E - 5 scrolls of blinking
 K - 5 scrolls of enchant armour
 Q - 10 scrolls of identify
 S - 7 scrolls of amnesia
 Y - 2 scrolls of silence
Potions
 c - 2 potions of ambrosia
 e - 9 potions of haste
 f - 6 potions of brilliance
 i - 5 potions of cancellation
 j - 4 potions of berserk rage
 l - 9 potions of mutation
 u - 5 potions of attraction
 w - 10 potions of flight
 A - 17 potions of curing
 F - a potion of magic
 G - 3 potions of might
 U - 2 potions of resistance
 Z - a potion of heal wounds
Miscellaneous
 H - a lightning rod (4/4)


   Skills:
 - Level 16.0 Fighting
 - Level 20.0 Axes
 + Level 19.8 Armour
 + Level 11.4 Dodging
 - Level 1.5 Stealth
 - Level 16.0 Shields
 - Level 14.0 Invocations


You had 18 spell levels left.
You didn't know any spells.
Your spell library contained the following spells:

 Spells                   Type           Power      Damage    Failure   Level
 Foxfire                  Conj/Fire      0%         2x1d4     100%        1
 Necrotise                Necr           0%         1d4       100%        1
 Blink                    Tloc           0%         N/A       100%        2
 Ensorcelled Hibernation  Hex/Ice        0%         N/A       100%        2
 Dazzling Flash           Conj/Hex       0%         N/A       100%        3
 Hailstorm                Conj/Ice       0%         3d3       100%        3
 Inner Flame              Hex/Fire       0%         N/A       100%        3
 Kindle Blastsparks       Fire/Tloc/Air  0%         2d10      100%        3
 Ozocubu's Armour         Ice            0%         N/A       100%        3
 Spider Form              Tmut/Pois      0%         N/A       100%        3
 Vampiric Draining        Necr           0%         2d6       100%        3
 Anguish                  Hex/Necr       0%         N/A       100%        4
 Ice Form                 Ice/Tmut       0%         N/A       100%        4
 Manifold Assault         Tloc           0%         N/A       100%        4
 Passage of Golubria      Tloc           0%         N/A       100%        4
 Agony                    Necr           0%         N/A       100%        5
 Blade Hands              Tmut           0%         N/A       100%        5
 Fireball                 Conj/Fire      0%         3d3       100%        5
 Irradiate                Conj/Tmut      0%         3d11      100%        5
 Silence                  Hex/Air        0%         N/A       100%        5
 Simulacrum               Ice/Necr       0%         N/A       100%        6
 Starburst                Conj/Fire      0%         6d3       100%        6
 Dragon Form              Tmut           0%         N/A       100%        7
 Ozocubu's Refrigeration  Ice            0%         4d7       100%        7
 Storm Form               Tmut/Air       0%         N/A       100%        7
 Lehudib's Crystal Spear  Conj/Erth      0%         10d2      100%        8


Dungeon Overview and Level Annotations

Branches:
Dungeon (15/15)            Temple (1/1) D:6            Lair (5/5) D:11
 Shoals (4/4) Lair:2        Snake (4/4) Lair:3        Slime (0/5) Lair:4
    Orc (2/2) D:10            Elf (0/3) Orc:2        Vaults (0/5) D:14
 Depths (1/4) D:15          IceCv (visited)

Altars:
Ashenzari
Cheibriados
Dithmenos
Elyvilon
Fedhas
Gozag
Hepliaklqana
Kikubaaqudgha
Makhleb
Nemelex Xobeh
Okawaru
Qazlal
Ru
Sif Muna
Trog
Uskayaw
Vehumet
Wu Jian
Xom
Yredelemnul
Zin
The Shining One
Jiyva

Shops:
D:4 *   D:10 (   D:12 !   Orc:2 ?=!*   Shoals:4 (   Snake:3 (==:   Snake:4 ((*(

Portals:
Hell: Depths:1

Annotations:
Shoals:2 2 transporters, Xomnowas's ghost, journeyman HOFi
Depths:1 Sojobo


Message History

Sojobo is severely wounded.
A sphinx comes into view.
You block the tengu reaver's attack.
Sojobo mumbles some strange words.
You hit Sojobo but do no damage.
Sojobo is heavily wounded.
You closely miss the air elemental. You slash the air elemental!
You freeze the air elemental. You slash the air elemental!
You freeze the air elemental.
The air elemental disappears in a puff of smoke!
You block the air elemental's attack. x3; The elephant tramples your angel!
Your angel is shoved backwards!
You block the tengu reaver's attack.
The air elemental hits you but does no damage.
You hear a deafening roar!
Blink to where?
Press: ? - help, Dir - move target
As you read the scroll of blinking, it crumbles to dust.
You block the sphinx's attack. x3; The rakshasa barely misses you.
The air elemental completely misses your angel.
The elephant rages.
Your angel hits Sojobo with a +2 whip of holy wrath!
Your angel completely misses Sojobo.
Blink to where?
Press: ? - help, Dir - move target Splash!
You fall into the shallow water.
Moving in this stuff is going to be slow.
A fire dragon comes into view.
As you read the scroll of blinking, it crumbles to dust.
The fire dragon roars deafeningly!
You hear a horrible gurgling sound!
You hear a trumpeting! x2
The fire dragon breathes flames at you.
The blast of flame hits you but does no damage.
Found a scroll of vulnerability and a helmet.
As you read the scroll of teleportation, it crumbles to dust.
You feel strangely unstable.
You hear a trumpeting!
The fire dragon breathes flames at you. The blast of flame hits you!!!
You die...
C.......... ...#. #.
YG).....D.. ..... ###. ###§.)#### ...#..#.#. ###.†.## ....#D.y #..)[#.# #...Y. #.##[.#.## # #.D## ...##.#H~.## #### .# #.iyy

.≈ #.≈...~~####.[##..##
#....
..#~≈..~~~..##..@.....#
####.
..~?.≈.~~~~###..........
##
.~..♣.~~♣~≈..#.....?.###
.~?~.♣#~~♣§#........##
#.~.≈~..§.♣...>....#.#
#≈~≈#~.~D≈.D...####.##
#.♣~#~≈~.~~....# ##
#..~.......#
.....#.....#


You could see a fire dragon (catching breath).

Vanquished Creatures
  Vashnia (Snake:3)
  Nikola (Shoals:3)
  4 krakens
  Gastronok (Lair:3)
  Ilsuiw (Shoals:4)
  6 nagarajas (Snake:4)
  Donald (Shoals:4)
  2 frost giants
  2 stone giants
  2 spark wasps (Depths:1)
  A vampire knight (Depths:1)
  Azrael (Snake:2)
  Snorg (D:13)
  An ettin (Depths:1)
  6 merfolk impalers
  3 merfolk javelineers (Shoals:4)
  2 fire dragons
  A rakshasa (D:13)
  Josephine (Orc:2)
  2 salamander tyrants (Snake:4)
  A vault guard (D:14)
  Harold (Lair:1)
  2 ice dragons
  Erica (D:11)
  2 hydras
  An ogre mage (D:15)
  6 centaur warriors
  4 merfolk avatars (Shoals:4)
  6 anacondas
  4 merfolk aquamancers
  16 naga warriors
  3 satyrs (Shoals:4)
  6 two-headed ogres
  15 death yaks
  4 deep troll shamans (Depths:1)
  2 deep troll earth magi (Depths:1)
  3 orc high priests (Orc:2)
  3 boulder beetles
  2 tengu warriors
  9 shock serpents
  Urug (Lair:1)
  5 skysharks
  14 naga sharpshooters
  A salamander mystic (Snake:4)
  Amaemon (Lair:1)
  A fire crab (Lair:5)
  22 sea snakes
  4 deep trolls (Depths:1)
  A swamp dragon (Lair:5)
  2 wizards (D:14)
  6 naga ritualists
  19 harpies
  A deep elf archer (D:15)
  A necromancer (D:14)
  5 orc knights
  7 mana vipers
  A harpy (shapeshifter) (D:13)
  2 lindwurms (Lair:5)
  5 orc sorcerers (Orc:2)
  4 fauns
  2 deep elf pyromancers
  8 ugly things
  8 cyclopes
  14 manticores
  A salamander (shapeshifter) (D:14)
  9 merfolk sirens
  7 salamanders
  15 elephants
  40 black mambas
  3 guardian serpents
  6 water nymphs
  9 torpor snails
  An orange demon (Lair:1)
  14 naga magi
  An ice statue (IceCv)
  9 komodo dragons
  2 gargoyles
  7 cane toads
  2 unseen horrors
  3 kobold demonologists
  7 rime drakes
  A tengu conjurer (D:15)
  2 freezing wraiths
  2 yaktaurs
  A troll (shapeshifter) (D:15)
  3 ice devils (D:12)
  10 polar bears
  24 merfolk
  6 trolls
  5 wind drakes
  A queen bee (shapeshifter) (D:15)
  8 hornets
  9 snapping turtles
  3 tyrant leeches (Lair:5)
  3 blink frogs (Lair:4)
  2 dream sheep (Shoals:1)
  21 slime creatures
  A shadow (D:13)
  29 yaks
  Sigmund (D:2)
  A centaur simulacrum (D:14)
  4 wyverns
  A dire elephant simulacrum (D:12)
  8 water elementals
  2 vampires
  5 wraiths
  20 humans (D:14)
  5 fire elementals (Snake:3)
  5 steam dragons
  A basilisk (Lair:4)
  3 death yak simulacra
  A redback (D:15)
  4 vampire mosquitoes (D:12)
  A warg (Orc:2)
  59 nagas
  3 acid dragons
  Edmund (D:6)
  7 water moccasins
  3 hell hounds
  3 swamp drakes (Lair:5)
  25 orc warriors
  2 black bears (D:5)
  3 boggarts (D:14)
  11 centaurs
  14 ogres
  12 wolves
  A phantom (D:7)
  15 kobold brigands
  4 gnoll sergeants
  9 bullfrogs
  A cane toad simulacrum (Lair:5)
  A necrophage (D:8)
  3 scorpions
  9 wights
  17 killer bees
  2 jellies
  3 howler monkeys (D:8)
  2 electric eels
  4 quasits (D:5)
  13 orc priests
  7 hounds
  Crazy Yiuf (D:2)
  5 iguanas
  21 orc wizards
  3 polar bear simulacra (Lair:5)
  A wolf simulacrum (Lair:5)
  Robin (D:3)
  16 gnolls
  8 adders
  A naga simulacrum (D:12)
  2 white imps (D:6)
  A worm (D:4)
  The ghost of sircluck the Sneak, a weakling KoDe (D:5)
  2 dart slugs (D:1)
  82 orcs
  10 ball pythons
  9 endoplasms
  5 giant cockroaches
  22 goblins
  14 hobgoblins
  6 jackals
  58 kobolds
  5 quokkas
  9 bats
  6 frilled lizards
  3 rats
  6 tentacles
1127 creatures vanquished.

Vanquished Creatures (collateral kills)
  A merfolk impaler (Shoals:4)
  A death yak (IceCv)
  A sea snake (Shoals:4)
  A manticore (Shoals:4)
  A rime drake (IceCv)
  A polar bear (IceCv)
  A yak (IceCv)
  A wolf (IceCv)
8 creatures vanquished.

Vanquished Creatures (others)
  A naga ritualist (Snake:4)
  An orc priest (Orc:2)
  An iguana (Lair:5)
  21 fungi
  111 plants
  15 tentacles
150 creatures vanquished.

Grand Total: 1285 creatures vanquished

Notes
Turn   | Place    | Note
-------+----------+-------------------------------------------
     0 | D:1      | sasquatch the Hill Orc Monk began the quest for the Orb.
     0 | D:1      | Reached XP level 1. HP: 19/19 MP: 1/1
    39 | D:1      | Reached XP level 2. HP: 11/27 MP: 2/2
   392 | D:1      | Reached skill level 5 in Axes
   427 | D:1      | Reached XP level 3. HP: 30/33 MP: 3/3
  1007 | D:2      | Reached XP level 4. HP: 39/41 MP: 4/4
  1208 | D:2      | Noticed Sigmund
  1218 | D:2      | Reached skill level 6 in Axes
  1236 | D:2      | Killed Sigmund
  1237 | D:2      | Reached skill level 5 in Fighting
  1237 | D:2      | Reached skill level 7 in Axes
  1237 | D:2      | Reached XP level 5. HP: 13/48 MP: 5/5
  1237 | D:2      | Reached XP level 6. HP: 16/56 MP: 6/6
  1561 | D:2      | Found a runed translucent door.
  1562 | D:2      | Noticed Crazy Yiuf
  1882 | D:2      | Found a faded altar of an unknown god.
  2361 | D:2      | Killed Crazy Yiuf
  2879 | D:3      | Noticed Robin
  2902 | D:3      | Killed Robin
  2903 | D:3      | Reached skill level 8 in Axes
  2953 | D:3      | Found a glowing silver altar of Zin.
  2953 | D:3      | Found Zin's Purification Station.
  2985 | D:3      | Bought a potion of curing for 90 gold pieces
  2991 | D:3      | Identified the +1 robe of Vayw {Int+2 Stlth+}
  3750 | D:4      | Reached XP level 7. HP: 50/63 MP: 7/7
  3864 | D:4      | Reached skill level 9 in Axes
  3987 | D:4      | Found Emuhufak's CLEARANCE SALE!.
  4001 | D:4      | Bought a potion of curing for 6 gold pieces
  4325 | D:5      | Entered Level 5 of the Dungeon
  4545 | D:5      | Found a sparkling altar of Nemelex Xobeh.
  4573 | D:5      | Found a transporter.
  4582 | D:5      | Noticed sircluck's ghost (weakling KoDe)
  4722 | D:5      | Reached skill level 10 in Axes
  4738 | D:5      | Reached XP level 8. HP: 26/73 MP: 8/8
  4921 | D:5      | Found a transporter.
  5241 | D:5      | Reached skill level 11 in Axes
  6304 | D:5      | Killed sircluck's ghost
  6525 | D:6      | Found a staircase to the Ecumenical Temple.
  6550 | Temple   | Entered the Ecumenical Temple
  6550 | Temple   | Found a transporter.
  6550 | Temple   | Found a transporter.
  6558 | Temple   | Found a transporter.
  6558 | Temple   | Found a transporter.
  6585 | Temple   | Became a worshipper of the Shining One
  6585 | Temple   | Reached * piety under the Shining One
  6585 | Temple   | Reached ** piety under the Shining One
  6620 | D:6      | Reached skill level 12 in Axes
  6666 | D:6      | Noticed Edmund
  6898 | D:6      | Reached XP level 9. HP: 74/82 MP: 9/9
  7192 | D:6      | Reached skill level 13 in Axes
  7619 | D:6      | Killed Edmund
  7893 | D:6      | Noticed an unseen horror
  7906 | D:6      | Killed an unseen horror
  7907 | D:6      | Reached skill level 14 in Axes
  8600 | D:7      | Reached skill level 10 in Fighting
  8713 | D:7      | Noticed a hornet
  8721 | D:7      | Killed a hornet
  8722 | D:7      | Reached skill level 15 in Axes
  8722 | D:7      | Reached XP level 10. HP: 38/93 MP: 10/10
  9406 | D:8      | Reached skill level 16 in Axes
  9443 | D:8      | You fall into a shaft and drop 3 floors!
  9569 | D:11     | Noticed Erica
  9585 | D:11     | Killed Erica
  9721 | D:10     | Entered Level 10 of the Dungeon
 10047 | D:9      | Reached skill level 17 in Axes
 10078 | D:9      | Reached *** piety under the Shining One
 10318 | D:9      | Found a radiant altar of Vehumet.
 10319 | D:9      | Found a shimmering blue altar of Sif Muna.
 10341 | D:9      | Reached skill level 18 in Axes
 10351 | D:9      | Noticed a two-headed ogre
 10361 | D:9      | Killed a two-headed ogre
 10362 | D:9      | Reached XP level 11. HP: 38/99 MP: 11/11
 11419 | D:10     | Found an ornate altar of the Wu Jian Council.
 11545 | D:10     | Reached skill level 5 in Armour
 11545 | D:10     | Reached skill level 5 in Shields
 11840 | D:10     | Found a staircase to the Orcish Mines.
 11947 | D:10     | Found Zegi's Antique Weapon Boutique.
 12310 | D:11     | Found a staircase to the Lair.
 12552 | D:11     | Identified a scroll of acquirement
 12553 | D:11     | Acquired 838 gold pieces
 12813 | D:12     | Reached **** piety under the Shining One
 12861 | Lair:1   | Entered Level 1 of the Lair of Beasts
 12930 | Lair:1   | Reached XP level 12. HP: 84/106 MP: 12/12
 12962 | Lair:1   | Found a snail-covered altar of Cheibriados.
 13075 | Lair:1   | Noticed Harold
 13085 | Lair:1   | Killed Harold
 13150 | Lair:1   | Noticed Amaemon
 13164 | Lair:1   | Killed Amaemon
 13335 | Lair:1   | Noticed Urug
 13350 | Lair:1   | Killed Urug
 13821 | Lair:2   | Reached skill level 10 in Armour
 13821 | Lair:2   | Reached skill level 10 in Shields
 13821 | Lair:2   | Reached skill level 1 in Invocations
 13865 | Lair:2   | Identified the +5 ring mail "Xusuz" {Str+3 Int+6 Dex-3}
 13967 | Lair:2   | Got the Vademecum on Roasted Configuration
 14076 | Lair:2   | Found a staircase to the Shoals.
 14174 | Lair:2   | Noticed a skyshark
 14185 | Lair:2   | Killed a skyshark
 14186 | Lair:2   | Reached skill level 5 in Invocations
 14470 | Lair:3   | Noticed Gastronok
 14577 | Lair:3   | Reached XP level 13. HP: 106/113 MP: 19/19
 14605 | Lair:3   | Killed Gastronok
 14606 | Lair:3   | Reached skill level 10 in Invocations
 14961 | Lair:3   | Found a staircase to the Snake Pit.
 15349 | Lair:3   | You fall into a shaft and drop 2 floors!
 15349 | Lair:5   | Entered Level 5 of the Lair of Beasts
 15691 | Lair:5   | Found a frozen archway.
 15706 | Lair:5   | Reached ***** piety under the Shining One
 15719 | IceCv    | Entered an ice cave
 16422 | IceCv    | Reached XP level 14. HP: 124/124 MP: 20/23
 16467 | IceCv    | Noticed a frost giant
 16477 | IceCv    | Killed a frost giant
 17289 | Lair:5   | Found a runed translucent door.
 17358 | Lair:5   | Paralysed by a hornet for 3 turns
 18359 | Lair:4   | Found a viscous altar of Jiyva.
 18359 | Lair:4   | Found a staircase to the Slime Pits.
 18754 | Orc:1    | Entered Level 1 of the Orcish Mines
 18754 | Orc:1    | Found an iron altar of Okawaru.
 19067 | Orc:2    | Entered Level 2 of the Orcish Mines
 19069 | Orc:2    | Found Piteluv's Assorted Antiques.
 19210 | Orc:2    | Found a staircase to the Elven Halls.
 19335 | Orc:2    | Noticed Josephine
 19346 | Orc:2    | Killed Josephine
 19404 | Orc:2    | Paralysed by an orc sorcerer for 2 turns
 19529 | Orc:2    | Reached XP level 15. HP: 135/136 MP: 25/25
 19585 | Orc:2    | Found Zaarr's Magic Scroll Shop.
 19585 | Orc:2    | Found Qotuff's Distillery.
 19585 | Orc:2    | Found Nadghang's Jewellery Emporium.
 19720 | Orc:2    | Bought a potion of curing for 96 gold pieces
 19720 | Orc:2    | Bought a scroll of teleportation for 96 gold pieces
 19742 | Orc:2    | Bought a scroll of teleportation for 42 gold pieces
 19742 | Orc:2    | Bought a scroll of teleportation for 42 gold pieces
 19742 | Orc:2    | Bought a scroll of enchant weapon for 105 gold pieces
 19746 | Orc:2    | Bought a ring of willpower for 325 gold pieces
 20062 | Orc:2    | Bought a potion of haste for 320 gold pieces
 20078 | Orc:2    | Bought a scroll of fog for 56 gold pieces
 20374 | D:12     | Reached ****** piety under the Shining One
 20410 | D:12     | Found Siumoxaf's Distillery.
 20451 | D:12     | Bought a potion of curing for 42 gold pieces
 20451 | D:12     | Bought a potion of curing for 42 gold pieces
 20451 | D:12     | Bought a potion of flight for 42 gold pieces
 21296 | D:13     | Noticed Snorg
 21313 | D:13     | Killed Snorg
 22207 | D:13     | Identified the +2 flail of the Sun {freeze, rElec rF- rN++
                  | Will+}
 22707 | D:13     | HP: 5/139 [centaur warrior (10)]
 23276 | Snake:1  | Entered Level 1 of the Snake Pit
 23805 | Orc:2    | Bought the ring "Baju" {rElec rF- Str-2 Int+3 Dex+6} for
                  | 586 gold pieces
 24490 | Snake:1  | Reached skill level 15 in Fighting
 24577 | Snake:1  | Reached XP level 16. HP: 138/149 MP: 26/26
 25980 | Snake:2  | Identified the +3 leather armour of Elitism {Fly rElec
                  | rPois Str-2}
 26593 | Snake:2  | Reached skill level 15 in Armour
 26593 | Snake:2  | Reached skill level 15 in Shields
 26936 | Snake:3  | Noticed Azrael
 26957 | Snake:2  | Killed Azrael
 27804 | Snake:3  | Found Denk's Book Emporium.
 27804 | Snake:3  | Found Tasaweh's Jewellery Shop.
 27806 | Snake:3  | Found Wola's Jewellery Shop.
 27816 | Snake:3  | Bought the ring "Acyrch" {Will+ rCorr} for 451 gold pieces
 28020 | Snake:3  | Noticed Vashnia
 28100 | Snake:3  | Killed Vashnia
 28257 | Snake:3  | Found Ifryxaf's Antique Weapon Boutique.
 28265 | Snake:3  | Bought a warped broad axe for 261 gold pieces
 28265 | Snake:3  | Identified the +4 broad axe of Purua {freeze, rF+ Will+}
                  | (You bought it in a shop on level 3 of the Snake Pit)
 28717 | Snake:4  | Entered Level 4 of the Snake Pit
 28870 | Snake:4  | Found Usyhi's Antique Weapon Shoppe.
 28870 | Snake:4  | Found Ycaim's Weapon Emporium.
 28871 | Snake:4  | Found Mesaligg's Weapon Emporium.
 28875 | Snake:4  | Found Foss's General Store.
 28881 | Snake:4  | Bought a scroll of fear for 60 gold pieces
 28881 | Snake:4  | Bought a scroll of fear for 60 gold pieces
 29016 | Snake:4  | Reached XP level 17. HP: 158/158 MP: 27/27
 29045 | Snake:4  | Reached skill level 5 in Dodging
 30487 | Snake:4  | Got a serpentine rune of Zot
 30819 | Snake:3  | Bought a ring of flight for 210 gold pieces
 30945 | Shoals:1 | Entered Level 1 of the Shoals
 31899 | Shoals:2 | Reached skill level 10 in Dodging
 32183 | Shoals:2 | Noticed a kraken
 32196 | Shoals:2 | Killed a kraken
 32293 | Shoals:2 | Identified the +1 ring mail of Pathos {rC+}
 32410 | Shoals:2 | Noticed a kraken
 32411 | Shoals:2 | Noticed Xomnowas's ghost (journeyman HOFi)
 32416 | Shoals:2 | Found a transporter.
 32419 | Shoals:2 | Found a transporter.
 32429 | Shoals:2 | Found the +3 pair of mountain boots {steadfast, rC+}
 32589 | Shoals:2 | Noticed a kraken
 32598 | Shoals:2 | Killed a kraken
 32998 | Shoals:3 | Noticed a kraken
 33011 | Shoals:3 | Killed a kraken
 33012 | Shoals:3 | Reached skill level 19 in Axes
 33329 | Shoals:3 | Reached XP level 18. HP: 166/166 MP: 28/28
 33355 | Shoals:3 | Noticed Nikola
 33377 | Shoals:3 | Killed Nikola
 33690 | Shoals:3 | Reached skill level 20 in Axes
 33992 | Shoals:4 | Entered Level 4 of the Shoals
 34198 | Shoals:4 | Identified the +2 leather armour "Ilonitan" {Will+}
 34248 | Shoals:4 | Noticed Ilsuiw
 34456 | Shoals:4 | Identified the +5 trident of Kafoas {flame, *Corrode rC+
                  | Str+2 Int+2}
 35187 | Shoals:4 | Noticed Donald
 35200 | Shoals:4 | Killed Donald
 35356 | Shoals:4 | Killed Ilsuiw
 35748 | Shoals:4 | Found Obligaicw's Weapon Shoppe.
 35835 | Shoals:4 | Got a barnacled rune of Zot
 36552 | D:14     | Identified the +7 arbalest of Renoacw {drain, rPois}
 36594 | D:14     | Reached XP level 19. HP: 172/172 MP: 29/29
 36605 | D:14     | Found a gate to the Vaults.
 36878 | D:14     | Found an opulent altar of Gozag.
 36988 | D:15     | Entered Level 15 of the Dungeon
 37004 | D:15     | Found a staircase to the Depths.
 37125 | D:15     | Identified the +8 spear of Qithraugg {venom, *Rage rF+
                  | Dex+2}
 37503 | D:15     | Found a shadowy altar of Dithmenos.
 37826 | Depths:1 | Entered Level 1 of the Depths
 37895 | Depths:1 | Noticed Sojobo
 37944 | Depths:1 | Found a gateway to Hell.
 38044 | Depths:1 | Paralysed by an air elemental for 1 turns
 38056 | Depths:1 | Killed from afar by a fire dragon

Illustrated notes

Levels and vault maps discovered:
D:1:      amcnicky_arrival_feature_with_door, layout_basic
D:2:      layout_loops_ring, nicolae_ecumenical_lake_church,
          kennysheep_cross_room, chequers_serial_rivers_micro_b,
          nicolae_half_adder, uniq_sigmund, uniq_crazy_yiuf_cottage
D:3:      layout_loops_corners, zin_purify, minmay_puff, uniq_robin
D:4:      layout_gridville, nicolae_shop_clearance
D:5:      kennysheep_kobold_camp, layout_loops_corners,
          mainiacjoe_overflow_brackets, gammafunk_ghost_stat_death
D:6:      layout_gridville, temple_pool_b, minivault_26, minmay_microvault,
          uniq_edmund
D:7:      corexii_shantytown, layout_basic
D:8:      layout_rooms
D:9:      layout_roguey, mainiacjoe_overflow_divided_tiny
D:10:     layout_stronghold, lemuel_tele_altar,
          kennysheep_orc_monster_closet_entryway, serial_shops,
          nicolae_shop_temple_entry_statues_fountains
D:11:     layout_basic, dpeg_oklobed_lair, uniq_erica
D:12:     dreamdust_isle_of_ice, layout_gridville, minmay_shop_grid_forest
D:13:     wad_mega_maze, layout_long_grid, uniq_snorg
D:14:     layout_basic, grunt_vaults_entry_tiered,
          nicolae_gozag_cash_rules_everything_around_me
D:15:     grunt_enter_depths_giant_problem, layout_basic,
          nicolae_dithmenos_through_a_glass_darkly, kb_rosetta
Temple:   hellmonk_temple_divided_pantheon
Lair:1:   layout_gridlike, kennysheep_snail_temple, uniq_harold, uniq_amaemon,
          uniq_urug
Lair:2:   layout_misc_corridors, nicolae_shoals_entry_roost
Lair:3:   layout_regular_city, minmay_snake_entry_guardpost_medium,
          uniq_gastronok
Lair:4:   layout_loops_ring, slime_entry_1, beast_lair_carwin_2
Lair:5:   guppyfry_lair_end_dragon, layout_misc_corridors, wormcave,
          portal_ice_cave_entry_ice_simulacra
Shoals:1: layout_shoals, yaktaur_hedge
Shoals:2: layout_shoals, ebering_ghost_davey_jones
Shoals:3: layout_shoals, hangedman_shoals_cup_caves, uniq_nikola
Shoals:4: shoals_end_hangedman, layout_shoals, shoal_ilsuiw, serial_shops, shop,
          uniq_donald
Snake:1:  layout_chambers
Snake:2:  layout_cave_shapes, grunt_megastairs_2
Snake:3:  layout_cave_town, serial_shops, nicolae_shop_behind_doors,
          serial_bayou_shore_a, minmay_shop_grove, uniq_azrael, uniq_vashnia
Snake:4:  minmay_snake_end_coiled, layout_basic, minmay_shoptagon
Orc:1:    layout_caves, okawaru_metal_pillars_1_2, uniq_erolcha
Orc:2:    st_orc_elflike, layout_caves, uniq_josephine
Depths:1: layout_twisted_cross, hell_entry, minmay_misc_feat_columns,
          chequers_serial_rivers_marsh, kennysheep_generic_room_5, uniq_sojobo

Skill      XL: |  1  2  3  4  5  6  7  8  9 10 11 12 13 14 15 16 17 18 19 |
---------------+----------------------------------------------------------+-----
Fighting       | 4 5 6 7 8 10 11 13 15 16 | 16.0
Axes           | 5 7 8 10 12 15 18 19 20 | 20.0
Armour         | 2 8 10 11 12 14 16 19 | 19.8
Shields        | 2 8 10 11 12 14 16 | 16.0
Invocations    | 9 13 14 | 14.0
Dodging        | 4 10 11 | 11.4
Stealth        | |  1.5

Action                     |  1- 3 |  4- 6 |  7- 9 | 10-12 | 13-15 | 16-18 | 19-21 || total
---------------------------+-------+-------+-------+-------+-------+-------+-------++-------
  Melee: Hand axe          |   104 |   177 |   440 |   413 |       |       |       ||  1134
         Punch             |       |     3 |     4 |     1 |       |       |       ||     8
         Broad axe         |       |       |       |   181 |  1132 |  1543 |   179 ||  3035
 Invoke: Divine Shield     |       |       |     1 |     5 |     8 |     6 |     3 ||    23
         Cleansing Flame   |       |       |       |     1 |       |       |       ||     1
         Summon Divine War |       |       |       |       |     1 |     1 |     2 ||     4
  Evoke: Wand              |       |       |       |       |    25 |       |       ||    25
    Use: Potion            |       |     2 |     4 |     2 |     7 |     4 |     2 ||    21
         Scroll            |       |       |    20 |    12 |     9 |     5 |     7 ||    53
   Stab: Sleeping          |     1 |     2 |     1 |       |       |       |       ||     4
         Distracted        |       |     2 |       |       |       |       |       ||     2
 Armour: Robe              |    13 |    19 |       |       |       |       |       ||    32
         Ring mail         |       |    35 |   176 |    53 |       |       |       ||   264
         Chain mail        |       |       |       |   149 |   395 |   210 |       ||   754
         Plate armour      |       |       |       |       |       |   293 |       ||   293
         Crystal plate arm |       |       |       |       |       |    72 |   151 ||   223
  Dodge: Dodged            |    70 |    83 |   282 |   226 |   213 |   378 |    68 ||  1320
  Block: Kite shield       |       |       |     8 |   265 |   659 |  1077 |   222 ||  2231
         Other             |       |       |       |     5 |       |       |       ||     5

Table legend: (Time is in decaauts)
 A = Elapsed time spent in this place.
 B = Non-inter-level travel time spent in this place.
 C = Inter-level travel time spent in this place.
 D = Time resting spent in this place.
 E = Time spent auto-exploring this place.
 F = Levels seen in this place.
 G = Mean time per level.
                   A        B        C        D        E       F      G
               +--------+--------+--------+--------+--------+-----+--------+
         Total |  37432 |  34857 |   2575 |   2810 |  24055 |  33 | 1134.3 |
       Dungeon |  17788 |  16499 |   1289 |    667 |  12970 |  15 | 1185.9 |
        Temple |     50 |     50 |      0 |      0 |     12 |   1 |   50.0 |
          Lair |   5065 |   4720 |    345 |    107 |   3457 |   5 | 1013.0 |
        Shoals |   4846 |   4692 |    154 |    521 |   3040 |   4 | 1211.5 |
     Snake Pit |   6982 |   6596 |    386 |   1146 |   3473 |   4 | 1745.5 |
  Orcish Mines |   1579 |   1181 |    398 |     49 |    763 |   2 |  789.5 |
        Depths |    214 |    214 |      0 |     51 |     45 |   1 |  214.0 |
      Ice Cave |    904 |    904 |      0 |    267 |    293 |   1 |  904.0 |
               +--------+--------+--------+--------+--------+-----+--------+

Top non-repeatable levels by time:
     D:5: 2207 daAuts
    D:13: 1897 daAuts
 Snake:4: 1889 daAuts
 Snake:2: 1779 daAuts
 Snake:1: 1669 daAuts
 Snake:3: 1643 daAuts
Shoals:4: 1621 daAuts
     D:2: 1498 daAuts
  Lair:5: 1411 daAuts
    D:10: 1408 daAuts
     D:6: 1406 daAuts
Shoals:3: 1316 daAuts
     D:9: 1249 daAuts
   Orc:2: 1239 daAuts
     D:7: 1207 daAuts
